 Dungeon Crawl Stone Soup version 0.29-a0-284-gf9362112df (webtiles) character file.

Game seed: 4179107011619021981

416 sokol815 the Sneak (level 6, -3/47 HPs)
             Began as a Demonspawn Monk on Mar 24, 2022.
             Was an Elder of Lugonu.
             Slain by an iguana (7 damage)
             ... on level 5 of the Dungeon.
             The game lasted 00:10:44 (4687 turns).

sokol815 the Sneak (Demonspawn Monk)                Turns: 4687, Time: 00:10:44

Health: -3/47      AC:  9    Str: 11    XL:     6   Next: 60%
Magic:  0/6        EV:  5    Int: 13    God:    Lugonu [****..]
Gold:   282        SH: 13    Dex: 16    Spells: 2/5 levels left

rFire   . . .      SeeInvis .   a - +3 dagger (vamp)
rCold   . . .      Faith    .   h - +0 tower shield
rNeg    + . .      Spirit   +   p - +2 scale mail {rN+}
rPois   .          Reflect  .   t - +0 helmet
rElec   .          Harm     .   (no cloak)
rCorr   .          Rampage  .   (no gloves)
Will    .....                   (no boots)
Stlth   +.........              m - amulet of guardian spirit
HPRegen 0.15/turn               (no ring)
MPRegen 0.10/turn               (no ring)

@: no status effects
A: hooves 1, powered by pain 2
a: Renounce Religion, Depart the Abyss, Bend Space, Banish, Corrupt


You were on level 5 of the Dungeon.
You worshipped Lugonu.
Lugonu was greatly pleased with you.
You visited 1 branch of the dungeon, and saw 5 of its levels.

You collected 282 gold pieces.

Inventory:

Hand Weapons
 a - a +3 vampiric dagger (weapon)
   (You took it off a goblin on level 3 of the Dungeon)
 b - a +3 short sword of venom
   (You took it off a kobold on level 1 of the Dungeon)
 c - a +2 dagger of protection
   (You took it off a kobold on level 2 of the Dungeon)
 g - a +0 whip
   (You took it off a kobold on level 1 of the Dungeon)
 k - a +0 dagger
   (You took it off a kobold on level 1 of the Dungeon)
 n - a +0 hand axe
 r - a +0 dagger of venom
   (You took it off a goblin on level 3 of the Dungeon)
Missiles
 j - 3 boomerangs
 s - 63 stones
 u - 5 poisoned darts
Armour
 d - a +0 chain mail
   (You found it on level 2 of the Dungeon)
 f - an orb of wrath
   (You found it on level 1 of the Dungeon)
 h - a +0 tower shield (worn)
   (You found it on level 1 of the Dungeon)
 l - a +0 ring mail
   (You found it on level 1 of the Dungeon)
 p - a +2 scale mail of positive energy (worn)
   (You found it on level 3 of the Dungeon)
 q - a +0 robe
 t - a +0 helmet (worn)
   (You took it off Robin on level 2 of the Dungeon)
 v - an orb of wrath
   (You found it on level 4 of the Dungeon)
Jewellery
 i - an amulet of magic regeneration
   (You found it on level 5 of the Dungeon)
 m - an amulet of guardian spirit (around neck)
   (You found it on level 3 of the Dungeon)
Scrolls
 Y - 2 scrolls of teleportation {@r3}
Potions
 e - a potion of mutation {unknown}
 w - a potion of heal wounds {unknown}
 G - a potion of ambrosia {!q}
 J - 3 potions of curing {@q1}
 P - a potion of lignification {!q}
 R - a potion of resistance


   Skills:
 - Level 3.0 Fighting
 * Level 2.9 Short Blades
 - Level 3.5 Axes
 - Level 2.6 Dodging
 * Level 3.8 Stealth
 - Level 3.4 Shields


You had 2 spell levels left.
You knew the following spells:

 Your Spells              Type           Power      Damage    Failure   Level
c - Call Canine Familiar  Summ           0%         N/A       100%        3

Your spell library contained the following spells:

 Spells                   Type           Power      Damage    Failure   Level
 Portal Projectile        Hex/Tloc       0%         N/A       100%        3
 Leda's Liquefaction      Hex/Erth       0%         N/A       100%        4
 Summon Ice Beast         Ice/Summ       0%         N/A       100%        4
 Summon Mana Viper        Hex/Summ       0%         N/A       100%        5
 Monstrous Menagerie      Summ           0%         N/A       100%        7


Dungeon Overview and Level Annotations

Branches:
Dungeon (5/15)
 Temple: D:4-7

Altars:
Ru
Lugonu

Annotations:
D:2 Sigmund
D:3 2 transporters, sirJeffrey23's ghost, weakling DgGl


Innate Abilities, Weirdness & Mutations

You have large cloven feet.
You sometimes gain power by taking damage.


Message History

You closely miss the gnoll shaman. You kick the gnoll shaman.
The gnoll shaman hits you but does no damage.
You hit the gnoll shaman.
You feel better.
The gnoll shaman hits you but does no damage.
You hit the gnoll shaman.
The gnoll shaman mumbles some strange prayers to its god against you.
You are outlined in light.
You hit the gnoll shaman.
You feel better.
Your kick misses the gnoll shaman.
The gnoll shaman hits you but does no damage.
A worm comes into view.
The gnoll shaman hits you but does no damage.
You hit the gnoll shaman.
You kill the gnoll shaman!
Lugonu accepts your kill. You block the worm's attack.
You barely miss the worm. You kick the worm.
A white imp comes into view.
The worm barely misses you.
The white imp shouts!
You hit the worm. You kick the worm.
You hear an angry hiss.
The worm bites you but does no damage.
You hit the worm but do no damage. The white imp gestures at you.
You block the puff of frost.
You hit the worm.
You feel better. The white imp gestures at you. You block the puff of frost.
You block the worm's attack.
Health restored: 47 You hit the worm.
You block the worm's attack.
You hit the worm.
The white imp lashes its tail.
The white imp gestures at you. The puff of frost hits you!
You take 7 damage, and have 40/47 hp.
You barely miss the worm. You kick the worm, but do no damage.
You block the worm's attack.
An iguana comes into view. x2
The white imp hits you but does no damage.
MP restored: 6 You hit the worm.
You block the white imp's attack. You block the worm's attack.
You barely miss the worm. The white imp barely misses you. The worm bites you!
You take 6 damage, and have 35/47 hp.
You now have 5/6 mp.
You hit the worm. You kick the worm.
You kill the worm!
Lugonu accepts your kill. The white imp barely misses you.
You block the white imp's attack.
You barely miss the iguana. You block the iguana's attack.
The white imp completely misses you.
You hit the iguana but do no damage.
You are no longer glowing.
You block the iguana's attack. You block the white imp's attack.
You completely miss the iguana. The iguana bites you!
The white imp barely misses you. You block the iguana's attack. x2
The iguana bites you but does no damage.
The white imp hits you but does no damage.
You take 8 damage, and have 27/47 hp.
You now have 4/6 mp.
You are too injured to fight recklessly!
The iguana attacks as you move away! The iguana bites you!
The white imp sputters.
You take 10 damage, and have 17/47 hp.
MASSIVE DAMAGE!!
You now have 3/6 mp.
You see here a scorpion corpse.
You hit the iguana but do no damage. Your kick misses the iguana.
You block the iguana's attack.
You hit the iguana.
You feel better.
You hear the brisk hiss of a very distant avalanche of sand.
You block the iguana's attack.
You regained 2 hp, and now have 19/47 hp.
You hit the iguana but do no damage. You kick the iguana, but do no damage.
The iguana barely misses you.
You hit the iguana.
You feel better.
Your kick misses the iguana.
The iguana hisses menacingly.
The iguana bites you!
The iguana hisses menacingly.
You block the iguana's attack.
You take 4 damage, and have 15/47 hp.
You now have 2/6 mp.
You closely miss the iguana. Your kick misses the iguana. The iguana bites you.
* * * LOW HITPOINT WARNING * * *
You take 4 damage, and have 11/47 hp.
You now have 1/6 mp.
You hit the iguana.
You feel better.
Your kick misses the iguana.
The iguana hisses menacingly.
The iguana bites you.
* * * LOW HITPOINT WARNING * * *
The white imp shouts, "Crawl home, thou warped flap-mouthed pumpion!"
You take 1 damage, and have 10/47 hp.
You now have 0/6 mp.
You barely miss the iguana. You kick the iguana, but do no damage.
You block the iguana's attack.
You closely miss the iguana. The iguana bites you.
* * * LOW HITPOINT WARNING * * *
The iguana bites you.
* * * LOW HITPOINT WARNING * * *
You take 8 damage, and have 3/47 hp.
You barely miss the iguana. You kick the iguana. You block the iguana's attack.
You hit the iguana. You kick the iguana. You block the iguana's attack.
You hit the iguana. The iguana barely misses you.
You barely miss the iguana. The iguana bites you!
You die...

#...... ....#..
#.....### #...#
#.#.#
#.###...###
.##.......5l#
.....#...##l#
#.....####@#
#.#.######.#
#...)......###
..#.#..........#
.. #.########.#
#.# #.# #.# #.#


You could see 2 iguanas and a white imp.

Vanquished Creatures
  Eustachio (D:4)
  A scorpion (D:5)
  A hound (D:4)
  A gnoll shaman (D:5)
  Natasha (twice) (D:2)
  Robin (D:2)
  2 adders
  3 ufetubi
  A worm (D:5)
  3 dart slugs
  An orc (D:4)
  6 bats
  7 endoplasms
  A giant cockroach (D:2)
  7 hobgoblins
  3 ball pythons
  A frilled lizard (D:1)
  22 goblins
  8 kobolds
  5 rats
77 creatures vanquished.

Vanquished Creatures (others)
  A goblin (D:3)
1 creature vanquished.

Grand Total: 78 creatures vanquished

Notes
Turn   | Place    | Note
-------+----------+-------------------------------------------
     0 | D:1      | sokol815 the Demonspawn Monk began the quest for the Orb.
     0 | D:1      | Reached XP level 1. HP: 18/18 MP: 1/1
   251 | D:1      | Reached skill level 3 in Axes
   316 | D:1      | Found a faded altar of an unknown god.
   328 | D:1      | Prayed at the altar of an unknown god.
   328 | D:1      | Became a worshipper of Lugonu the Unformed
   328 | D:1      | Reached * piety under Lugonu
   328 | D:1      | Reached ** piety under Lugonu
   328 | D:1      | Reached *** piety under Lugonu
   445 | D:1      | Gained mutation: You sometimes gain a little power by
                  | taking damage. [demonic ancestry]
   445 | D:1      | Reached XP level 2. HP: 18/24 MP: 2/2
  1109 | D:2      | Reached skill level 1 in Shields
  1109 | D:2      | Gained mutation: You have large cloven feet. [demonic
                  | ancestry]
  1109 | D:2      | Reached XP level 3. HP: 29/29 MP: 3/3
  1157 | D:2      | Noticed Robin
  1166 | D:2      | Killed Robin
  1167 | D:2      | Reached skill level 2 in Shields
  1168 | D:2      | HP: 5/29 [goblin/+0 club[Robin] (4)]
  1188 | D:1      | Reached **** piety under Lugonu
  2134 | D:2      | Reached XP level 4. HP: 29/35 MP: 4/4
  2254 | D:2      | Noticed Natasha
  2259 | D:2      | HP: 7/35 [white imp/puff of frost[Natasha] (9)]
  2260 | D:2      | HP: 3/35 [white imp/puff of frost[Natasha] (4)]
  2261 | D:2      | Killed Natasha
  2289 | D:2      | Noticed Sigmund
  2676 | D:2      | Noticed Natasha
  2686 | D:2      | Killed Natasha
  2687 | D:2      | Reached skill level 3 in Shields
  2844 | D:3      | Learned a level 3 spell: Call Canine Familiar
  3253 | D:3      | Noticed sirJeffrey23's ghost (weakling DgGl)
  3254 | D:3      | Found a transporter.
  3258 | D:3      | Noticed an ogre
  3260 | D:3      | Noticed an ogre
  3709 | D:3      | Found a transporter.
  3795 | D:4      | Gained mutation: You sometimes gain power by taking damage.
                  | [demonic ancestry]
  3795 | D:4      | Reached XP level 5. HP: 39/41 MP: 5/5
  3829 | D:4      | Noticed a sky beast
  3901 | D:4      | Noticed Eustachio
  3901 | D:4      | Noticed a black bear
  3983 | D:4      | Reached skill level 2 in Stealth
  4197 | D:4      | Killed Eustachio
  4198 | D:4      | Reached skill level 2 in Short Blades
  4198 | D:4      | Reached skill level 3 in Stealth
  4198 | D:4      | Reached XP level 6. HP: 32/47 MP: 6/6
  4440 | D:5      | Entered Level 5 of the Dungeon
  4546 | D:5      | Found a sacrificial altar of Ru.
  4680 | D:5      | HP: 11/47 [iguana (4)]
  4683 | D:5      | HP: 3/47 [iguana (5)]
  4687 | D:5      | Slain by an iguana

Illustrated notes

Levels and vault maps discovered:
D:1:      amcnicky_arrival_abandoned_market, layout_rooms,
          ebering_ecumenical_altar_rust, serial_bayou_pond_e
D:2:      layout_basic, uniq_robin, uniq_sigmund, uniq_natasha
D:3:      layout_loops_ring, gammafunk_ghost_smash, dreamdust_wishing_well
D:4:      minmay_razor_zed, layout_basic, minmay_misc_feat_five,
          solitary_fountain, hex_medium, uniq_eustachio
D:5:      layout_basic, nicolae_sif_muna_little_library,
          nicolae_ru_the_path_less_chosen, enter_ossuary_5,
          minmay_fractal_squares_5

Skill      XL: |  1  2  3  4  5 |
---------------+----------------+-----
Axes           | 3 |  3.5
Shields        | 1 2 3 |  3.4
Stealth        | 3 |  3.8
Short Blades   | 2 |  2.9
Fighting       | |  3.0
Dodging        | |  2.6

Action                   |  1- 3 |  4- 6 || total
-------------------------+-------+-------++-------
Melee: Hand axe          |    49 |       ||    49
       Short sword       |    54 |    91 ||   145
       Kick              |    10 |    37 ||    47
       Dagger            |       |    69 ||    69
Throw: Stone             |    12 |       ||    12
  Use: Scroll            |     6 |     6 ||    12
 Stab: Sleeping          |     2 |       ||     2
Armor: Robe              |     6 |       ||     6
       Ring mail         |    33 |     1 ||    34
       Scale mail        |       |   113 ||   113
       Chain mail        |       |     8 ||     8
Dodge: Dodged            |    40 |    40 ||    80
Block: Tower shield      |    75 |   152 ||   227

Table legend: (Time is in decaauts)
 A = Elapsed time spent in this place.
 B = Non-inter-level travel time spent in this place.
 C = Inter-level travel time spent in this place.
 D = Time resting spent in this place.
 E = Time spent auto-exploring this place.
 F = Levels seen in this place.
 G = Mean time per level.
                   A        B        C        D        E       F      G
               +--------+--------+--------+--------+--------+-----+--------+
         Total |   4810 |   4659 |    151 |   1161 |   2403 |   5 |  962.0 |
       Dungeon |   4810 |   4659 |    151 |   1161 |   2403 |   5 |  962.0 |
               +--------+--------+--------+--------+--------+-----+--------+

Top non-repeatable levels by time:
     D:1: 1611 daAuts
     D:2: 1290 daAuts
     D:3: 995 daAuts
     D:4: 647 daAuts
     D:5: 265 daAuts

Table legend:
 A = Kills in this place as a percentage of kills in entire the game.
 B = Kills by you in this place as a percentage of kills by you in the entire game.
 C = Kills by friends in this place as a percentage of kills by friends in the entire game.
 D = Other kills in this place as a percentage of other kills in the entire game.
 E = Experience gained in this place as a percentage of experience gained in the entire game.
 F = Experience gained in this place divided by the number of levels of this place that you have seen.
                   A       B       C       D       E      F
               +-------+-------+-------+-------+-------+----------------------
         Total | 100.0 | 100.0 |   N/A |   N/A | 100.0 | 119.0
       Dungeon | 100.0 | 100.0 |   N/A |   N/A | 100.0 | 119.0
               +-------+-------+-------+-------+-------+----------------------
